 Dungeon Crawl Stone Soup version 0.26-a0-642-g67e99244d3 (webtiles) character file.

Game seed: 7125857532823209883

7569 DogServant the Geomancer (level 11, 0/67 HPs)
             Began as a Gargoyle Earth Elementalist on Sept 22, 2020.
             Was a Priest of Vehumet.
             Slain by a vampire mosquito (9 damage)
             ... on level 12 of the Dungeon.
             The game lasted 00:32:36 (14285 turns).

DogServant the Geomancer (GrEE)                    Turns: 14285, Time: 00:32:36

Health: 0/67       AC:  9    Str: 17    XL:     11   Next: 17%
Magic:  2/22       EV: 12    Int: 20    God:    Vehumet [***...]
Gold:   397        SH:  5    Dex: 10    Spells: 0/25 levels left

rFire    . . .     SeeInvis .   x - staff of air
rCold    . . .     Faith    .   h - +1 buckler
rNeg     + . .     Spirit   .   o - +1 robe {MR+}
rPois    ∞         Reflect  .   B - +0 hat
rElec    +         Harm     .   u - +0 cloak
rCorr    .         Rampage  .   p - +0 pair of gloves
MR       +....                  (no boots)
Stlth    ++........             (no amulet)
HPRegen  0.21/turn              g - +6 ring of strength
MPRegen  0.18/turn              (no ring)

@: about to teleport, corroded
A: negative energy resistance 1, electricity resistance, unbreathing,
petrification resistance, rot immunity, AC +8
a: Renounce Religion


You were on level 12 of the Dungeon.
You worshipped Vehumet.
Vehumet was most pleased with you.
You visited 2 branches of the dungeon, and saw 13 of its levels.

You collected 397 gold pieces.

Inventory:

Hand Weapons
 a - a +1 whip
 v - a +1 dagger of pain
 z - a +0 dagger of venom
Missiles
 b - 241 stones (quivered)
Armour
 h - a +1 buckler (worn)
 o - a +1 robe of magic resistance (worn)
 p - a +0 pair of gloves (worn)
 u - a +0 cloak (worn)
 B - a +0 hat (worn)
Magical Staves
 x - an uncursed staff of air (weapon)
Jewellery
 c - an uncursed ring of resist corrosion {unknown}
 g - a +6 ring of strength (left hand)
 E - an uncursed ring of positive energy {unknown}
Wands
 C - a wand of digging (3)
 D - a wand of iceblast (9)
Scrolls
 d - a scroll of identify
 e - 12 scrolls of remove curse
 k - a scroll of silence {unknown}
 l - 2 scrolls of teleportation
 m - a scroll of amnesia
 n - 4 scrolls of fog
 r - a scroll of enchant armour
Potions
 f - a potion of haste
 i - 2 potions of mutation
 j - a potion of might
 q - 2 potions of flight
 t - a potion of berserk rage
 w - a potion of lignification
 A - a potion of cancellation {unknown}


   Skills:
 + Level 7.3 Fighting
 + Level 1.5 Dodging
 - Level 2.1 Stealth
 - Level 4.0 Shields
 - Level 7.7 Spellcasting
 + Level 8.0 Conjurations
 - Level 0.7 Transmutations
 + Level 0.0 Fire Magic
 + Level 5.1 Air Magic
 - Level 10.3 Earth Magic
 + Level 0.0 Evocations


You couldn't memorise any spells.
You knew the following spells:

 Your Spells              Type           Power        Failure   Level
a - Mephitic Cloud        Conj/Pois/Air  #####...     1%          3
b - Stone Arrow           Conj/Erth      #####.       1%          3
c - Lee's Rapid Deconstr  Erth           #####.....   1%          5
d - Petrify               Tmut/Erth      ####....     9%          4
e - Shock                 Conj/Air       ####         1%          1
f - Fireball              Conj/Fire      ###.......   13%         5
g - Fulminant Prism       Conj/Hex       ###.......   4%          4

Your spell library contained the following spells:

 Spells                   Type           Power        Failure   Level
 Foxfire                  Conj/Fire      ###.         1%          1
 Sandblast                Erth           #####.       1%          1
 Passwall                 Tmut/Erth      ####....     1%          2
 Conjure Flame            Conj/Fire      ###.....     1%          3
 Sticky Flame             Conj/Fire      ###.....     4%          4
 Inner Flame              Hex/Fire       #.......     7%          3
 Confusing Touch          Hex            #.......     26%         3
 Gell's Gravitas          Tloc           #.........   26%         3
 Yara's Violent Unravell  Hex/Tmut       #.........   45%         5
 Metabolic Englaciation   Hex/Ice        #.........   94%         5


Dungeon Overview and Level Annotations

Branches:
Dungeon (12/15)            Temple (1/1) D:4            Lair (0/6) D:9
    Orc (0/2) D:9

Altars:
Ashenzari
Cheibriados
Dithmenos
Elyvilon
Fedhas
Gozag
Hepliaklqana
Kikubaaqudgha
Makhleb
Nemelex Xobeh
Okawaru
Ru
Sif Muna
Trog
Uskayaw
Vehumet
Wu Jian
Xom
Yredelemnul
Zin
The Shining One
Jiyva

Shops:
D:11 [

Annotations:
D:9 Maurice
D:10 Erica
D:11 Erolcha, Nergalle


Innate Abilities, Weirdness & Mutations

You are resistant to torment.
Your stone body is resilient. (AC +8)
You are immune to poison.
You resist negative energy. (rN+)
You are resistant to electric shocks. (rElec)
You can survive without breathing.
You are immune to petrification.
You are immune to rotting.


Message History

Okay, then.
Press: ? - help, Dir - move target cursor
As you read the scroll of blinking, it crumbles to dust.
As you read the scroll of teleportation, it crumbles to dust.
You feel strangely unstable.
You block the vampire mosquito's attack. x2
Your surroundings seem slightly different.
An orc comes into view. It is wielding a +0 mace.
Casting: Mephitic Cloud (safe; 1% risk of failure)
Confirm with . or Enter, or press ? or * to list all spells.
Aiming: Stone Arrow (safe; 1% risk of failure)
Press: ? - help, Shift-Dir - straight line, f - orc
Aim: an orc, wielding a +0 mace (wandering, hasn't noticed you)
The stone arrow hits the orc!!
You kill the orc!
Vehumet accepts your kill.
As you read the scroll of teleportation, it crumbles to dust.
You feel strangely unstable. The vampire mosquito bites you!
You die...

#.....#
#.#####
#....##
##.....#
#...##
#......#
#####
##......##
#........#
##........#
#.........#
#...@)....#
####y.....#
##.....####
###...###.##
###y.y###
##.##
######...y##
##.##
##...#...###
##.##
#....yy###
##>##
##......###
##.##


You could see 3 vampire mosquitoes.

Vanquished Creatures
  Snorg (D:10)
  A two-headed ogre (D:8)
  Joseph (D:10)
  A komodo dragon (D:12)
  A troll (D:9)
  A hornet (D:12)
  A hippogriff (D:10)
  A wyvern (D:8)
  4 yaks (D:12)
  A steam dragon (D:8)
  3 orc warriors
  3 phantoms
  2 sky beasts (D:5)
  An eye of draining (D:9)
  5 ogres
  3 centaurs
  A crocodile (D:12)
  A big kobold (D:8)
  6 bullfrogs
  4 scorpions
  4 killer bees (D:9)
  4 howler monkeys
  3 wights (D:7)
  A centaur zombie (D:8)
  A bullfrog zombie (D:12)
  15 orc wizards
  A gnoll shaman (D:3)
  3 orc priests
  4 hounds
  2 jellies
  A centaur skeleton (D:5)
  3 iguanas
  4 worker ants
  4 hound skeletons
  2 worker ant zombies
  Robin (D:4)
  14 gnolls
  10 adders
  2 shadow imps
  4 white imps
  An ooze (D:5)
  An ufetubus (D:7)
  An adder skeleton (D:5)
  2 adder zombies (D:8)
  A worm (D:5)
  3 dart slugs
  8 leopard geckos
  36 orcs
  7 bats
  5 giant cockroaches
  25 goblins
  9 hobgoblins
  5 jackals
  11 kobolds
  5 quokkas
  3 frilled lizards
  A jackal skeleton (D:6)
  A jackal zombie (D:6)
  7 rats
257 creatures vanquished.

Notes
Turn   | Place    | Note
-------+----------+-------------------------------------------
     0 | D:1      | DogServant the Gargoyle Earth Elementalist began the quest
                  | for the Orb.
     0 | D:1      | Reached XP level 1. HP: 10/10 MP: 3/3
   546 | D:1      | Reached skill level 4 in Earth Magic
   546 | D:1      | Reached XP level 2. HP: 15/15 MP: 5/5
  1228 | D:2      | Reached XP level 3. HP: 18/19 MP: 4/6
  1334 | D:2      | Learned a level 3 spell: Stone Arrow
  1448 | D:2      | Reached XP level 4. HP: 24/24 MP: 6/8
  1611 | D:2      | Reached skill level 5 in Earth Magic
  2334 | D:3      | Reached XP level 5. HP: 19/28 MP: 6/10
  2501 | D:3      | Reached skill level 1 in Shields
  2501 | D:3      | Reached skill level 1 in Conjurations
  3020 | D:3      | Reached XP level 6. HP: 29/32 MP: 7/11
  3485 | D:4      | Found a shimmering altar of Xom.
  3488 | D:4      | Found a shimmering altar of Xom.
  3489 | D:4      | Found a shimmering altar of Xom.
  3489 | D:4      | Found a shimmering altar of Xom.
  3489 | D:4      | Found a shimmering altar of Xom.
  3494 | D:4      | Found a shimmering altar of Xom.
  3494 | D:4      | Found a shimmering altar of Xom.
  3517 | D:4      | Noticed a phantom
  3540 | D:4      | Killed a phantom
  3540 | D:4      | Reached skill level 6 in Earth Magic
  3597 | D:4      | Found a staircase to the Ecumenical Temple.
  3607 | Temple   | Entered the Ecumenical Temple
  3608 | Temple   | Reached XP level 7. HP: 20/36 MP: 10/13
  3850 | Temple   | Became a worshipper of Vehumet
  4202 | D:4      | Found a burning altar of Makhleb.
  4309 | D:4      | Learned a level 5 spell: Lee's Rapid Deconstruction
  4314 | D:4      | Learned a level 4 spell: Petrify
  4635 | D:4      | Noticed Robin
  4658 | D:4      | Killed Robin
  5094 | D:5      | Entered Level 5 of the Dungeon
  5097 | D:5      | Reached skill level 1 in Fighting
  5697 | D:5      | Reached XP level 8. HP: 44/44 MP: 7/15
  5824 | D:5      | Reached skill level 7 in Earth Magic
  5915 | D:5      | Reached * piety under Vehumet
  5915 | D:5      | Offered knowledge of Shock by Vehumet.
  5915 | D:5      | Reached skill level 5 in Spellcasting
  5922 | D:5      | Learned a level 1 spell: Shock
  6118 | D:5      | Found a bloodstained altar of Trog.
  6627 | D:5      | Found an ancient bone altar of Kikubaaqudgha.
  6701 | D:6      | Reached skill level 1 in Air Magic
  7832 | D:6      | Found a basalt altar of Yredelemnul.
  7842 | D:6      | Found a sacrificial altar of Ru.
  7853 | D:6      | Reached skill level 5 in Conjurations
  7853 | D:6      | Reached XP level 9. HP: 41/52 MP: 8/17
  8248 | D:7      | Reached skill level 8 in Earth Magic
  8331 | D:7      | Offered knowledge of Magic Dart by Vehumet.
  8529 | D:6      | Reached ** piety under Vehumet
  9560 | D:8      | Found a glowing silver altar of Zin.
  9742 | D:8      | Reached skill level 5 in Fighting
 10036 | D:8      | Offered knowledge of Mephitic Cloud by Vehumet.
 10324 | D:8      | Noticed a two-headed ogre
 10342 | D:8      | Killed a two-headed ogre
 10342 | D:8      | Reached *** piety under Vehumet
 10342 | D:8      | Reached skill level 9 in Earth Magic
 10342 | D:8      | Reached XP level 10. HP: 34/60 MP: 8/20
 11164 | D:8      | Learned a level 3 spell: Mephitic Cloud
 11639 | D:9      | Found a staircase to the Orcish Mines.
 12394 | D:9      | Found a staircase to the Lair.
 12397 | D:9      | Noticed a death yak
 12397 | D:9      | Noticed a death yak
 12397 | D:9      | Noticed a death yak
 12452 | D:9      | Noticed Maurice
 12608 | D:9      | Found a basalt altar of Yredelemnul.
 12608 | D:9      | Found a blossoming altar of Fedhas.
 12609 | D:9      | Found a snail-covered altar of Cheibriados.
 12610 | D:9      | Found a glowing golden altar of the Shining One.
 12610 | D:9      | Found a hide-covered altar of Uskayaw.
 12644 | D:10     | Entered Level 10 of the Dungeon
 12660 | D:10     | Noticed Joseph
 12677 | D:10     | Killed Joseph
 12887 | D:10     | Learned a level 5 spell: Fireball
 13004 | D:10     | Noticed Snorg
 13015 | D:10     | Killed Snorg
 13240 | D:10     | Offered knowledge of Fulminant Prism by Vehumet.
 13361 | D:10     | Noticed Erica
 13435 | D:11     | Noticed Erolcha
 13444 | D:11     | Noticed a brown ugly thing
 13449 | D:11     | Noticed Nergalle
 13460 | D:11     | Found Ycrutwi's Armour Shoppe.
 13471 | D:11     | Noticed a green ugly thing
 13525 | D:12     | Reached skill level 10 in Earth Magic
 13552 | D:12     | Reached XP level 11. HP: 36/67 MP: 2/22
 13584 | D:12     | Reached skill level 5 in Air Magic
 14142 | D:12     | Learned a level 4 spell: Fulminant Prism
 14285 | D:12     | Slain by a vampire mosquito

Illustrated notes

Levels and vault maps discovered:
D:1:      minmay_arrival_loop, layout_loops_corners, kennysheep_nondescript
D:2:      layout_basic, chequers_serial_rivers_small_3
D:3:      layout_basic, minmay_distorted
D:4:      layout_layer_cave, nicolae_xom_altar_mimics,
          minmay_temple_entry_trees, bloody_makhleb, uniq_robin
D:5:      layout_basic, nicolae_overflow_hidden_temple, lightli_temple_of_fire
D:6:      layout_basic, kennysheep_mini, basic_altar
D:7:      layout_loops_cross, enter_bailey_3
D:8:      layout_cave_pools, overflow_temple_1_default,
          minmay_tree_intersection, nrook_campfire
D:9:      layout_irregular_city, grunt_temple_overflow_open, dpeg_lair_monsters,
          orc_0_dummy, nrook_guardian_serpent_double, uniq_maurice
D:10:     layout_basic, uniq_erica, uniq_snorg, uniq_joseph
D:11:     layout_cave_pools, basic_altar, serial_shops, nicolae_shop_waterfront,
          uniq_erolcha, uniq_nergalle
D:12:     lemuel_bear_cage, layout_cave_pods, basic_altar
Temple:   pf_slimified_temple

Skill      XL: |  1  2  3  4  5  6  7  8  9 10 11 |
---------------+----------------------------------+-----
Earth Magic    | 4 5 6 7 9 10 | 10.3
Spellcasting   | 3 4 5 6 7 |  7.7
Shields        | 1 2 3 4 |  4.0
Conjurations   | 1 2 3 5 6 7 8 |  8.0
Fighting       | 1 3 5 7 |  7.3
Air Magic      | 1 3 4 5 |  5.1
Dodging        | |  1.5
Stealth        | |  2.1
Transmutations | |  0.7

Action                   |  1- 3 |  4- 6 |  7- 9 | 10-12 || total
-------------------------+-------+-------+-------+-------++-------
Melee: Whip              |    80 |    69 |       |       ||   149
       Dagger            |       |     2 |   142 |       ||   144
       Staff             |       |       |    18 |    75 ||    93
 Cast: Sandblast         |    19 |    72 |    68 |       ||   159
       Stone Arrow       |       |       |   107 |    94 ||   201
       Shock             |       |       |    43 |    57 ||   100
       Mephitic Cloud    |       |       |       |     4 ||     4
       Lee's Rapid Decon |       |       |       |     2 ||     2
Evoke: Wand              |       |       |       |     3 ||     3
  Use: Scroll            |     1 |       |    14 |    14 ||    29
       Potion            |       |       |     3 |     7 ||    10
 Stab: Sleeping          |     2 |     3 |       |       ||     5
Armor: Robe              |    25 |    36 |    87 |    95 ||   243
Dodge: Dodged            |    69 |    54 |   153 |   152 ||   428
Block: Buckler           |       |       |    51 |    72 ||   123

Table legend: (Time is in decaauts)
 A = Elapsed time spent in this place.
 B = Non-inter-level travel time spent in this place.
 C = Inter-level travel time spent in this place.
 D = Time resting spent in this place.
 E = Time spent auto-exploring this place.
 F = Levels seen in this place.
 G = Mean time per level.
                   A        B        C        D        E       F      G
               +--------+--------+--------+--------+--------+-----+--------+
         Total |  14311 |  13955 |    356 |   3865 |   7819 |  13 | 1100.8 |
       Dungeon |  14054 |  13711 |    343 |   3865 |   7661 |  12 | 1171.2 |
        Temple |    256 |    243 |     13 |      0 |    158 |   1 |  256.0 |
               +--------+--------+--------+--------+--------+-----+--------+

Top non-repeatable levels by time:
     D:8: 1830 daAuts
     D:5: 1641 daAuts
     D:6: 1556 daAuts
     D:4: 1429 daAuts
     D:7: 1302 daAuts
     D:3: 1286 daAuts
     D:9: 1238 daAuts
     D:1: 1230 daAuts
     D:2: 905 daAuts
    D:12: 798 daAuts
    D:10: 771 daAuts
  Temple: 256 daAuts
    D:11: 63 daAuts
